 Dungeon Crawl Stone Soup version 0.30.1-9-gdf580d7c3d (webtiles) character file.

Game seed: 1712038254274655615

91 KittyFluff the Cudgeller (level 4, -6/43 HPs)
             Began as a Gargoyle Berserker on Oct 18, 2023.
             Was a Believer of Trog.
             Killed from afar by Natasha (11 damage)
             ... with a puff of flame
             ... on level 2 of the Dungeon.
             The game lasted 00:04:16 (1130 turns).

KittyFluff the Cudgeller (Gargoyle Berserker)       Turns: 1130, Time: 00:04:17

Health: -6/43      AC:  6    Str: 22    XL:     4   Next: 57%
Magic:  4/4        EV: 12    Int:  8    God:    Trog [**....]
Gold:   65         SH:  0    Dex:  9    Spells: 3/3 levels left

rFire   . . .        a - +0 mace
rCold   . . .        (no shield)
rNeg    + . .        b - +0 animal skin
rPois   ∞            o - +1 hat
rElec   +            (no cloak)
rCorr   .            (no gloves)
SInv    .            (no boots)
Will    .....        (no amulet) Stlth
                     (no ring)
HPRegen 0.27/turn    (no ring)
MPRegen 0.09/turn

%: no passive effects
@: berserking, very quick
A: sickness immunity, AC +3, negative energy resistance 1, electricity
resistance, torment resistance 1, petrification resistance
a: Renounce Religion, Berserk, Trog's Hand


You were on level 2 of the Dungeon.
You worshipped Trog.
Trog was pleased with you.
You visited 1 branch of the dungeon, and saw 2 of its levels.

You collected 65 gold pieces.

Inventory:

Hand Weapons
 a - a +0 mace (weapon)
 p - a +0 sling
Missiles
 f - 4 poisoned darts (quivered)
 k - 5 boomerangs
Armour
 b - a +0 animal skin (worn)
 o - a +1 hat (worn)
Scrolls
 c - a scroll of noise {unknown}
 d - a scroll of immolation {unknown}
 e - a scroll of vulnerability {unknown}
 g - 3 scrolls of identify {unknown}
 i - a scroll of amnesia {unknown}
 j - a scroll of teleportation {unknown}
 n - a scroll of fear {unknown}
 r - a scroll of butterflies {unknown}
Potions
 h - a potion of haste {unknown}
 l - 3 potions of mutation {unknown}
 m - a potion of curing
 q - 2 potions of attraction {unknown}


   Skills:
 + Level 3.8 Fighting
 * Level 3.8 Maces & Flails
 * Level 3.4 Armour
 + Level 2.0 Dodging


You had 3 spell levels left.
You didn't know any spells.
Your spell library was empty.

Dungeon Overview and Level Annotations

Branches:
Dungeon (2/15)

Altars:

Shops:
D:1 *

Annotations:
D:2 Natasha


Innate Abilities, Weirdness & Mutations

You are immune to sickness and miasma.
Your stone body is resilient. (AC +3)
You are immune to poison.
You resist negative energy. (rN+)
You are resistant to electric shocks. (rElec)
You are resistant to unholy torment.
You are immune to petrification.


Message History

The cerulean imp completely misses you.
You barely miss the cerulean imp. You punch the cerulean imp.
The cerulean imp is moderately wounded.
The cerulean imp hits you with a +1 spear.
Natasha mumbles some strange words.
You hit the cerulean imp but do no damage.
The cerulean imp is moderately wounded.
The cerulean imp closely misses you.
Natasha extends her claws.
The cerulean imp hits you but does no damage.
You hit the cerulean imp.
The cerulean imp is moderately wounded.
The cerulean imp closely misses you.
The cerulean imp hits you from afar with a +0 spear.
You hit the cerulean imp but do no damage.
The cerulean imp is moderately wounded.
The cerulean imp disappears in a puff of smoke!
Natasha zaps a wand.
The puff of flame hits you!
* * * LOW HITPOINT WARNING * * *
The cerulean imp barely misses you.
Natasha casts a spell.
A red film seems to cover your vision as you go berserk!
You feel yourself moving faster!
You feel mighty!
The cerulean imp hits you but does no damage.
You closely miss Natasha.
Natasha mumbles some strange words.
Natasha's front paws start to glow.
Natasha claws you.
* * * LOW HITPOINT WARNING * * *
The cerulean imp closely misses you.
You closely miss Natasha.
The cerulean imp hits you from afar with a +2 spear.
* * * LOW HITPOINT WARNING * * *
You sock Natasha!
Natasha is almost dead.
Natasha drinks a potion.
Natasha is healed!
The cerulean imp hits you but does no damage.
You barely miss Natasha. The cerulean imp barely misses you.
Natasha zaps a wand.
The puff of flame hits you!
You die...

##....#####..
........##...####.#
.............
..##...#.....###..
#####..##.###
#.#..#........###.
##.....######.............# #.
##..###........####........###.
#..## #####................##.
##.## #.55###....<...#....
##..# #.#h# ###.......###.
...## ##h#@# #..........# .###
#..#.# #........... ..#
###.##.# ##.......##. #.#
#####...##.#######........#
#.#####.....##.......#
###.####..
.........#####.......###...#
### .........# #...........###
.........# ######...#######
.........# #####...<....#####


You could see Natasha and 2 cerulean imps.

Vanquished Creatures
  Natasha (twice) (D:2)
  An adder (D:2)
  A worm (D:2)
  2 endoplasms
  5 goblins
  3 hobgoblins (D:1)
  2 quokkas (D:2)
  2 ball pythons (D:1)
  3 bats
  5 frilled lizards
  4 kobolds (D:1)
  2 rats (D:1)
32 creatures vanquished.

Notes
Turn   | Place    | Note
-------+----------+-------------------------------------------
     0 | D:1      | KittyFluff the Gargoyle Berserker began the quest for the
                  | Orb.
     0 | D:1      | Reached XP level 1. HP: 14/14 MP: 1/1
   178 | D:1      | Found Xill's Assorted Antiques.
   262 | D:1      | Reached XP level 2. HP: 19/19 MP: 2/2
   624 | D:2      | Noticed Natasha
   630 | D:2      | Killed Natasha
   631 | D:2      | Reached XP level 3. HP: 23/23 MP: 3/3
   813 | D:2      | Reached XP level 4. HP: 29/29 MP: 4/4
   839 | D:2      | Reached ** piety under Trog
   896 | D:2      | Noticed Natasha
  1064 | D:2      | Killed Natasha
  1110 | D:2      | Noticed Natasha
  1130 | D:2      | Killed from afar by Natasha

Illustrated notes

Levels and vault maps discovered:
D:1:      minmay_arrival_cross, layout_loops_ring, serial_shops,
          nicolae_shop_hallway_stairs, shapermc_ecumenical_altar_mp_urbaneastern
D:2:      layout_rooms, uniq_natasha

Skill      XL: |  1  2  3 |
---------------+----------+-----
Armour         | 3 |  3.4
Dodging        | 2 |  2.0
Fighting       | |  3.8
Maces & Flails | |  3.8

Action                     |  1- 3 |  4- 6 || total
---------------------------+-------+-------++-------
  Melee: Mace              |    67 |    36 ||   103
         Punch             |       |     1 ||     1
 Invoke: Berserk           |       |     1 ||     1
   Stab: Sleeping          |     1 |       ||     1
 Armour: Animal skin       |    21 |    17 ||    38
  Dodge: Dodged            |    43 |    17 ||    60
